 Dungeon Crawl Stone Soup version 0.27-a0-95-g5a9077b8ae (webtiles) character file.

Game seed: 15110531026003637072

9 knot the Chopper (level 2, 5/36 HPs)
             Began as a Demonspawn Berserker on Jan 19, 2021.
             Was a Follower of Trog.
             Quit the game on level 1 of the Dungeon.
             The game lasted 00:00:17 (82 turns).

knot the Chopper (Demonspawn Berserker)               Turns: 82, Time: 00:00:18

Health: 5/36       AC:  2    Str: 17    XL:     2   Next: 3%
Magic:  2/2        EV: 12    Int:  8    God:    Trog [*.....]
Gold:   4          SH:  0    Dex: 12    Spells: 1/1 levels left

rFire    . . .     SeeInvis .   a - +0 hand axe
rCold    . . .     Faith    .   (no shield)
rNeg     . . .     Spirit   .   b - +0 animal skin
rPois    .         Reflect  .   (no helmet)
rElec    .         Harm     .   (no cloak)
rCorr    .         Rampage  .   (no gloves)
Will     .....                  (no boots)
Stlth    ..........             (no amulet)
HPRegen  0.12/turn              (no ring)
MPRegen  0.08/turn              (no ring)

@: berserking, very quick
A: spiny 1
a: Renounce Religion, Berserk


You were on level 1 of the Dungeon.
You worshipped Trog.
Trog was aware of your devotion.
You visited 1 branch of the dungeon, and saw 1 of its levels.

You collected 4 gold pieces.

Inventory:

Hand Weapons
 a - a +0 hand axe (weapon)
Missiles
 c - 2 stones
Armour
 b - a +0 animal skin (worn)


   Skills:
 - Level 3.0 Fighting
 + Level 3.2 Axes
 - Level 1.7 Armour
 - Level 1.7 Dodging


You had one spell level left.
You didn't know any spells.
Your spell library was empty.

Dungeon Overview and Level Annotations

Branches:
Dungeon (1/15)

Altars:


Innate Abilities, Weirdness & Mutations

You are partially covered in sharp spines.


Message History

You hit the kobold.
The kobold is heavily wounded.
You closely miss the leopard gecko.
The kobold hits you with a +0 short sword.
The leopard gecko bites you.
A red film seems to cover your vision as you go berserk!
You feel yourself moving faster!
You feel mighty! The leopard gecko bites you.
* * * LOW HITPOINT WARNING * * *
The kobold hits you with a +0 short sword.
* * * LOW HITPOINT WARNING * * *
You slash the kobold!
You kill the kobold!
Trog accepts your kill.
You slash the leopard gecko!
You kill the leopard gecko!
Trog accepts your kill.
You have reached level 2!
Your demonic ancestry asserts itself...
Sharp spines emerge from parts of your body.
Are you sure you want to abandon this character and quit the game? (Confirm with "yes".)

###.#.# ....... .# ....... .#
....... .#.# ....... #.#.#
....... #.#.#
......)##$#.####
......†@........ #
.......#.#.#####..
..>...............
..................
............####.
#.........#.# #
####+####.#...#.###.# .#
##PP#.#PP###..... #.## ..##.
#PPP#.#≈≈P##.....###..##.....


There were no monsters in sight!

Vanquished Creatures
  A dart slug (D:1)
  A leopard gecko (D:1)
  A giant cockroach (D:1)
  A bat (D:1)
  2 kobolds (D:1)
6 creatures vanquished.

Notes
Turn   | Place    | Note
-------+----------+-------------------------------------------
     0 | D:1      | knot the Demonspawn Berserker began the quest for the Orb.
     0 | D:1      | Reached XP level 1. HP: 18/18 MP: 1/1
    82 | D:1      | Gained mutation: You are partially covered in sharp spines.
                  | [demonic ancestry]
    82 | D:1      | Reached XP level 2. HP: 5/24 MP: 2/2
    82 | D:1      | Quit the game

Illustrated notes

Levels and vault maps discovered:
D:1:      psy_arrival_terrarium, layout_rooms, st_stairs_1, grunt_decor_fettered

Skill      XL: |  1 |
---------------+----+-----
Axes           | 3 |  3.2
Fighting       | |  3.0
Armour         | |  1.7
Dodging        | |  1.7

Action                   || total
-------------------------++-------
Melee: Hand axe          ||    13
Invok: Berserk           ||     1
Armor: Animal skin       ||     1
Dodge: Dodged            ||     8

Table legend: (Time is in decaauts)
 A = Elapsed time spent in this place.
 B = Non-inter-level travel time spent in this place.
 C = Inter-level travel time spent in this place.
 D = Time resting spent in this place.
 E = Time spent auto-exploring this place.
 F = Levels seen in this place.
 G = Mean time per level.
                   A        B        C        D        E       F      G
               +--------+--------+--------+--------+--------+-----+--------+
         Total |     83 |     83 |      0 |      0 |     52 |   1 |   83.0 |
       Dungeon |     83 |     83 |      0 |      0 |     52 |   1 |   83.0 |
               +--------+--------+--------+--------+--------+-----+--------+

Top non-repeatable levels by time:
     D:1: 83 daAuts
